 Dungeon Crawl Stone Soup version 0.29-a0-495-g17b79114eb (webtiles) character file.

Game seed: 16655381217189003182

40670 quinnr the Cloud Mage (level 14, 0/78 HPs)
             Began as a Tengu Air Elementalist on May 27, 2022.
             Was a High Priest of Sif Muna.
             Slain by an azure jelly (shapeshifter) (7 damage)
             ... on level 6 of the Lair of Beasts.
             The game lasted 00:54:00 (32136 turns).

quinnr the Cloud Mage (Tengu Air Elementalist)     Turns: 32136, Time: 00:54:00

Health: 0/78       AC:  6    Str: 11    XL:     14   Next: 12%
Magic:  6/24       EV: 21    Int: 19    God:    Sif Muna [*****.]
Gold:   1714       SH:  5    Dex: 17    Spells: 6/25 levels left

rFire   + . .      SeeInvis .   T - +12 fustibalus "Dragon's Peril" {freeze, rPois rF+ Str+3}
rCold   . . .      Faith    .   (no shield)
rNeg    + . .      Spirit   .   A - +2 robe {rN+}
rPois   +          Reflect  +   (helmet restricted)
rElec   .          Harm     .   (no cloak)
rCorr   +          Rampage  .   m - +1 pair of gloves
Will    ++...                   (boots unavailable)
Stlth   +++.......              Q - amulet of reflection
HPRegen 0.23/turn               L - ring of resist corrosion
MPRegen 0.19/turn               x - ring of willpower

@: flying quickly and evasively, quick
A: beak, talons 3, nimble flight
a: Renounce Religion, Channel Magic, Forget Spell, Divine Exegesis


You were on level 6 of the Lair of Beasts.
You worshipped Sif Muna.
Sif Muna was extremely pleased with you.
You visited 2 branches of the dungeon, and saw 18 of its levels.
You also visited: Sewer and Ossuary.

You collected 1714 gold pieces.

Inventory:

Hand Weapons
 o - a +0 dagger of venom
 p - a +2 dagger of draining
 D - the +9 falchion "Rousaser" {speed, rPois Stlth+}
   (You found it on level 9 of the Dungeon)

   Attacks with this weapon are significantly faster.
   rPois:     It protects you from poison.
   Stlth:     It makes you more stealthy.
 T - the +12 fustibalus "Dragon's Peril" (weapon) {freeze, rPois rF+ Str+3}
   (You found it on level 5 of the Lair of Beasts)

   Any ammunition fired from it freezes those it strikes, dealing additional
   cold damage.
   It can also slow down cold-blooded creatures.
   Str:       It affects your strength (+3).
   rF:        It protects you from fire.
   rPois:     It protects you from poison.
Missiles
 r - 5 throwing nets
 v - 56 poisoned darts
Armour
 a - a +0 robe
 m - a +1 pair of gloves (worn)
 A - a +2 robe of positive energy (worn)
 C - a +2 robe of cold resistance
Magical Staves
 c - a staff of earth
 e - a staff of death
Jewellery
 i - a ring of poison resistance
 x - a ring of willpower (right hand)
 G - a +4 ring of slaying
 H - a ring of fire
 K - a ring of ice
 L - a ring of resist corrosion (left hand)
 N - a +6 ring of intelligence
 Q - an amulet of reflection (around neck)
 S - a ring of wizardry
Wands
 k - a wand of mindburst (4)
 F - a wand of flame (16)
Scrolls
 d - 11 scrolls of teleportation
 g - a scroll of enchant armour
 n - a scroll of brand weapon
 s - 2 scrolls of poison
 t - 2 scrolls of blinking
 y - 2 scrolls of noise
 z - 5 scrolls of enchant weapon
 I - a scroll of identify
 M - a scroll of immolation
 O - 2 scrolls of magic mapping
 P - a scroll of torment
Potions
 b - 2 potions of magic
 f - 8 potions of curing
 h - 8 potions of might
 j - 3 potions of attraction
 l - 5 potions of mutation
 q - a potion of cancellation
 w - 5 potions of resistance
 B - 2 potions of invisibility
 E - 2 potions of heal wounds
 J - a potion of degeneration
 R - 2 potions of berserk rage


   Skills:
 - Level 5.0 Fighting
 + Level 10.1 Dodging
 - Level 5.0 Stealth
 + Level 6.4 Spellcasting
 - Level 5.0 Conjurations
 - Level 5.0 Summonings
 + Level 22.5 Air Magic
 - Level 4.0 Poison Magic
 - Level 5.0 Invocations
 - Level 4.0 Evocations


You had 6 spell levels left.
You knew the following spells:

 Your Spells              Type           Power      Damage    Failure   Level
a - Shock                 Conj/Air       100%       1d9       1%          1
b - Static Discharge      Conj/Air       55%        N/A       1%          2
c - Airstrike             Air            37%        N/A       0%          4
d - Summon Lightning Spi  Summ/Air       55%        N/A       1%          4
e - Lightning Bolt        Conj/Air       27%        1d44      1%          5
f - Mephitic Cloud        Conj/Pois/Air  46%        N/A       1%          3

Your spell library contained the following spells:

 Spells                   Type           Power      Damage    Failure   Level
 Swiftness                Air            75%        N/A       0%          3
 Corpse Rot               Necr/Pois/Air  39%        N/A       2%          4
 Freezing Cloud           Conj/Ice/Air   20%        6-21      7%          5
 Necrotize                Necr           24%        1d5       11%         1
 Spider Form              Tmut/Pois      13%        N/A       14%         3
 Ensorcelled Hibernation  Hex/Ice        12%        N/A       16%         2
 Sublimation of Blood     Necr           6%         N/A       16%         2
 Confusing Touch          Hex            6%         N/A       32%         3
 Gell's Gravitas          Tloc           6%         N/A       32%         3
 Lesser Beckoning         Tloc           6%         N/A       32%         3
 Ozocubu's Armour         Ice            6%         N/A       32%         3
 Portal Projectile        Hex/Tloc       12%        N/A       32%         3
 Teleport Other           Tloc           6%         N/A       32%         3
 Tukima's Dance           Hex            6%         N/A       32%         3
 Fulminant Prism          Conj/Hex       7%         3d7       36%         4
 Hailstorm                Conj/Ice       15%        3d5       36%         4
 Sticky Flame             Conj/Fire      15%        2d4       36%         4
 Anguish                  Hex/Necr       3%         N/A       71%         4
 Dispel Undead            Necr           6%         3d8       71%         4
 Agony                    Necr           6%         N/A       96%         5
 Blade Hands              Tmut           3%         N/A       96%         5
 Metabolic Englaciation   Hex/Ice        3%         N/A       96%         5
 Yara's Violent Unravell  Hex/Tmut       3%         3d4       96%         5
 Dispersal                Tloc           3%         N/A       100%        6


Dungeon Overview and Level Annotations

Branches:
Dungeon (12/15)            Temple (0/1) D:5            Lair (6/6) D:11
 Shoals (0/4) Lair:2        Snake (0/4) Lair:2        Slime (0/5) Lair:5
  Sewer (visited)         Ossuary (visited)
    Orc: D:9-12

Altars:
Cheibriados
Dithmenos
Qazlal
Sif Muna
Trog
Vehumet
Jiyva

Shops:
D:8 [

Portals:
Trove: D:10 (give +3 gold dragon scales)

Annotations:
Lair:6 Snorg


Innate Abilities, Weirdness & Mutations

You have a beak for a mouth.
You have claws for feet.
Your magical nature lets you fly swiftly and evasively.


Message History

The sling bullet freezes the elephant.
The elephant is almost dead.
Your lightning spire shoots out a bolt of lightning at the elephant!
The bolt of electricity hits the elephant!
The elephant dies!
Sif Muna accepts your kill.
Found 23 gold pieces.
The elephant is engulfed in noxious fumes.
The elephant is engulfed in noxious fumes.
The elephant appears confused.
The elephant misses the azure jelly.
The elephant closely misses the azure jelly.
The elephant is engulfed in noxious fumes.
Your lightning spire shoots out a bolt of lightning at the elephant!
The bolt of electricity hits the elephant!
The azure jelly hits you. The azure jelly freezes you!!!
Ouch! That really hurt!
The azure jelly closely misses you.
The azure jelly hits you but does no damage.
The azure jelly barely misses you.
The elephant is engulfed in noxious fumes.
The elephant appears confused.
The elephant tramples you.
You are shoved backwards!
Unknown command.
Unknown command.
Unknown command.
Your lightning spire shoots out a bolt of lightning at the elephant!
The bolt of electricity hits the elephant!
Casting: Mephitic Cloud (safe; 1% risk of failure)
Confirm with . or Enter, or press ? or * to list all spells.
Aiming: Mephitic Cloud (safe; 1% risk of failure)
Press: ? - help, Shift-Dir - straight line, f - azure jelly
Aim: an azure jelly shaped shifter (not susceptible)
Okay, then.
The elephant tramples the elephant.
The elephant stumbles backwards!
The azure jelly attacks as you move away!
The azure jelly hits you! The azure jelly freezes you!
* * * LOW HITPOINT WARNING * * *
The azure jelly hits you but does no damage.
The azure jelly hits you!
You die...

#####.#####.#....##
#..#######.#....#.######
.###.....#...u...#...#..
........................
♣♣♣........(†...........
♣ ♣♣..†............$....
♣♣♣.........8.....##
♣♣...............##
♣♣♣♣....YJ@......#
♣.....Y.....###
♣♣...........#
♣♣............
♣............
♣............
♣.#.#....#.P#
♣.$##..#..... ♣♣. ......


You could see an azure jelly shaped shifter, 2 elephants, a brown ugly thing and
a friendly lightning spire (summoned).

Vanquished Creatures
  Rupert (Lair:4)
  Josephine (Lair:4)
  A hydra (Lair:2)
  Erica (D:8)
  A deep troll (Lair:4)
  Pikel (D:5)
  A salamander (shapeshifter) (Lair:6)
  An elephant (Lair:5)
  3 black mambas
  Maggie (D:10)
  9 cane toads
  4 rime drakes
  An unseen horror zombie (D:8)
  4 komodo dragons
  An ancient zyme (Lair:6)
  4 polar bears
  3 hornets
  16 blink frogs
  A ynoxinul (Lair:5)
  24 yaks
  A shadow (D:9)
  A spriggan (Lair:6)
  3 wraiths (Lair:4)
  3 wyverns
  4 vampire mosquitoes (D:11)
  2 chaos spawn (Lair:6)
  Grum (D:8)
  5 steam dragons
  11 water moccasins
  Duvessa (D:5)
  2 ice beasts
  2 orc warriors
  2 black bears
  A sky beast (D:7)
  2 centaurs
  14 wolves
  2 lemures (D:5)
  A phantom (D:5)
  5 kobold brigands
  3 small abominations
  3 necrophages
  2 gnoll sergeants
  10 bullfrogs
  2 scorpions
  11 wights
  Dowan (D:5)
  12 killer bees
  A howler monkey (D:9)
  2 electric eels (Lair:5)
  4 centaur zombies
  3 jellies
  4 orc priests
  4 hounds
  A human zombie (Ossuary)
  3 iguanas
  A merfolk siren (Sewer)
  11 orc wizards
  8 hell rats
  A merfolk avatar (Sewer)
  2 killer bee zombies (D:8)
  2 mummies (Ossuary)
  Robin (D:4)
  8 gnolls
  6 river rats
  9 adders
  A shadow imp (D:5)
  3 white imps
  An ufetubus (D:6)
  4 worms
  A dart slug (D:1)
  50 orcs
  18 ball pythons
  5 bats
  5 endoplasms
  6 giant cockroaches
  17 goblins
  18 hobgoblins
  2 jackals (D:4)
  5 quokkas
  10 frilled lizards
  3 gnoll zombies (Ossuary)
  4 goblin zombies (Ossuary)
  A hobgoblin zombie (Ossuary)
  36 kobolds
  2 orc zombies (Ossuary)
  29 rats
478 creatures vanquished.

Vanquished Creatures (collateral kills)
  An elephant (Lair:6)
  A black mamba (Lair:1)
  8 cane toads
  A torpor snail (Lair:5)
  2 rime drakes
  4 komodo dragons
  A hornet (D:11)
  5 blink frogs
  A centaur simulacrum (D:11)
  A spriggan (Lair:2)
  2 wraiths (Lair:4)
  18 yaks
  A steam dragon (D:10)
  A basilisk (Lair:5)
  A vampire mosquito (D:11)
  A water moccasin (Lair:3)
  An orc warrior (D:10)
  A black bear (Lair:5)
  10 wolves
  2 small abominations (Lair:5)
  3 bullfrogs
  2 killer bees (D:10)
  2 hell rats (Lair:4)
  2 gnolls
72 creatures vanquished.

Vanquished Creatures (others)
  A bush (Lair:6)
  28 fungi
  72 plants
  5 withered plants (D:8)
106 creatures vanquished.

Grand Total: 656 creatures vanquished

Notes
Turn   | Place    | Note
-------+----------+-------------------------------------------
     0 | D:1      | quinnr the Tengu Air Elementalist began the quest for the
                  | Orb.
     0 | D:1      | Reached XP level 1. HP: 10/10 MP: 4/4
   195 | D:1      | Reached XP level 2. HP: 15/15 MP: 1/6
   378 | D:1      | Reached skill level 5 in Air Magic
   539 | D:1      | You fall into a shaft and drop 1 floor!
   690 | D:2      | Reached XP level 3. HP: 19/19 MP: 4/7
   885 | D:2      | Reached skill level 6 in Air Magic
  1128 | D:2      | Found a faded altar of an unknown god.
  1323 | D:2      | Reached XP level 4. HP: 24/24 MP: 2/8
  1774 | D:3      | Noticed an ice beast
  2676 | D:3      | Reached skill level 7 in Air Magic
  3423 | D:3      | Gained mutation: Your magical nature lets you fly swiftly
                  | and evasively. [Tengu growth]
  3423 | D:3      | Reached XP level 5. HP: 22/28 MP: 5/9
  3707 | D:3      | Found a shimmering blue altar of Sif Muna.
  3830 | D:3      | Became a worshipper of Sif Muna the Loreminder
  3991 | D:3      | Learned a level 2 spell: Static Discharge
  3996 | D:3      | Learned a level 4 spell: Airstrike
  4135 | D:2      | Killed an ice beast
  4136 | D:2      | Reached skill level 8 in Air Magic
  4136 | D:2      | Reached XP level 6. HP: 32/32 MP: 0/10
  4552 | D:2      | Found a faded altar of an unknown god.
  4718 | D:4      | Reached skill level 9 in Air Magic
  5064 | D:4      | Found a glowing drain.
  5085 | Sewer    | Entered a sewer
  5342 | Sewer    | Reached * piety under Sif Muna
  5738 | Sewer    | Reached skill level 10 in Air Magic
  5805 | Sewer    | Reached XP level 7. HP: 33/36 MP: 2/11
  6014 | Sewer    | Reached ** piety under Sif Muna
  6324 | D:4      | Noticed Robin
  6330 | D:4      | Killed Robin
  7037 | D:5      | Entered Level 5 of the Dungeon
  7066 | D:5      | Reached skill level 11 in Air Magic
  7070 | D:5      | Found a radiant altar of Vehumet.
  7139 | D:5      | Found a sand-covered staircase.
  7187 | Ossuary  | Entered an ossuary
  7843 | Ossuary  | Reached XP level 8. HP: 41/41 MP: 7/12
  8076 | D:5      | Noticed Duvessa
  8078 | D:5      | Noticed Dowan
  8095 | D:5      | Killed Duvessa
  8304 | D:5      | Killed Dowan
  8305 | D:5      | Reached skill level 12 in Air Magic
  8647 | D:5      | Found a staircase to the Ecumenical Temple.
  8685 | D:5      | Reached skill level 5 in Dodging
  8862 | D:5      | Found a stormy altar of Qazlal.
  8890 | D:5      | Noticed Pikel
  8969 | D:5      | Killed Pikel
  8970 | D:5      | Reached skill level 13 in Air Magic
  8970 | D:5      | Reached XP level 9. HP: 45/45 MP: 0/13
  9752 | D:6      | Reached skill level 1 in Evocations
  9911 | D:6      | Reached skill level 14 in Air Magic
 10351 | D:6      | Found a shadowy altar of Dithmenos.
 10360 | D:6      | Found a bloodstained altar of Trog.
 10460 | D:6      | Reached *** piety under Sif Muna
 11187 | D:7      | Got Qucsein's Tome of Beguiling
 11563 | D:7      | Reached skill level 15 in Air Magic
 12397 | D:8      | Reached skill level 1 in Fighting
 12509 | D:8      | Noticed Erica
 12554 | D:8      | Killed Erica
 12555 | D:8      | Reached XP level 10. HP: 54/54 MP: 2/14
 13029 | D:8      | Reached **** piety under Sif Muna
 13717 | D:8      | Found Vaigiog's Armour Shoppe.
 13858 | D:8      | Noticed Grum
 14085 | D:8      | Found a snail-covered altar of Cheibriados.
 14224 | D:8      | Killed Grum
 14470 | D:8      | Found Vaigiog's Armour Shoppe.
 15959 | D:9      | Reached skill level 16 in Air Magic
 16476 | D:9      | Identified the +9 falchion "Rousaser" {speed, rPois Stlth+}
 16701 | D:9      | Reached XP level 11. HP: 57/61 MP: 9/17
 16782 | D:10     | Entered Level 10 of the Dungeon
 17508 | D:10     | Learned a level 4 spell: Summon Lightning Spire
 17514 | D:10     | Learned a level 5 spell: Lightning Bolt
 17658 | D:10     | Noticed Maggie
 17671 | D:10     | Killed Maggie
 17938 | D:10     | Found a portal to a secret trove of treasure.
 18172 | D:10     | Reached skill level 1 in Summonings
 19049 | D:11     | Reached ***** piety under Sif Muna
 19110 | D:11     | Found a staircase to the Lair.
 19172 | D:11     | Reached skill level 5 in Fighting
 19600 | D:11     | Found a bloodstained altar of Trog.
 20238 | Lair:1   | Entered Level 1 of the Lair of Beasts
 20422 | Lair:1   | Received a gift from Sif Muna
 20475 | Lair:1   | Reached skill level 5 in Invocations
 20505 | Lair:1   | Reached skill level 5 in Spellcasting
 20664 | Lair:1   | Reached XP level 12. HP: 68/68 MP: 10/20
 21302 | Lair:1   | You are sucked into a shaft and drop 1 floor!
 21302 | Lair:2   | Noticed a six-headed hydra
 21302 | Lair:2   | Found a staircase to the Snake Pit.
 21581 | D:11     | Reached skill level 5 in Stealth
 21581 | D:11     | Reached skill level 5 in Conjurations
 22033 | D:11     | Reached skill level 17 in Air Magic
 22185 | D:11     | Reached skill level 5 in Summonings
 23132 | Lair:2   | Killed a six-headed hydra
 23133 | Lair:2   | Reached skill level 18 in Air Magic
 23311 | Lair:2   | Found a staircase to the Shoals.
 24056 | Lair:3   | Reached skill level 19 in Air Magic
 24836 | Lair:3   | Reached skill level 20 in Air Magic
 24839 | Lair:3   | Reached XP level 13. HP: 27/72 MP: 3/21
 26053 | Lair:4   | Received a gift from Sif Muna
 26293 | Lair:4   | Got Sif Muna's Compendium of the Excruciating Frostbite
                  | {god gift}
 26298 | Lair:4   | Learned a level 3 spell: Mephitic Cloud
 26347 | Lair:4   | Reached skill level 1 in Poison Magic
 27071 | Lair:4   | Found a stormy altar of Qazlal.
 27206 | Lair:4   | Noticed Josephine
 27210 | Lair:4   | Reached skill level 21 in Air Magic
 27328 | Lair:4   | Killed Josephine
 27908 | Lair:5   | Found a staircase to the Slime Pits.
 27980 | Lair:5   | Found a viscous altar of Jiyva.
 28385 | Lair:5   | Identified the +12 fustibalus "Dragon's Peril" {freeze,
                  | rPois rF+ Str+3}
 29446 | Lair:5   | Received a gift from Sif Muna
 29447 | Lair:5   | Reached skill level 22 in Air Magic
 29560 | Lair:5   | Got Sif Muna's Reference Book on the Doomed Glacier {god
                  | gift}
 29691 | Lair:6   | Entered Level 6 of the Lair of Beasts
 30083 | Lair:6   | Noticed Rupert
 30213 | Lair:6   | Noticed Snorg
 30553 | Lair:4   | Killed Rupert
 31626 | Lair:6   | Reached XP level 14. HP: 61/78 MP: 14/23
 31957 | Lair:6   | Reached skill level 10 in Dodging
 32126 | Lair:6   | Noticed an azure jelly
 32126 | Lair:6   | a minotaur changed into an azure jelly
 32136 | Lair:6   | HP: 7/78 [azure jelly (shapeshifter) (17)]
 32136 | Lair:6   | Slain by an azure jelly (shapeshifter)

Illustrated notes

Levels and vault maps discovered:
D:1:      mrwooster_arrival_statue_2, layout_loops_ring
D:2:      layout_loops_ring, nicolae_ecumenical_pavilion
D:3:      layout_basic, mainiacjoe_overflow_chevrons, st_stairs_10,
          skrybe_limestone_x, grunt_ministairs_4
D:4:      layout_basic, portal_sewer_entry_c, uniq_robin
D:5:      layout_rooms, vehumet_crystals, mainiacjoe_overflow_alcove_2,
          minmay_temple_entry_slanted, chequers_ossuary_entry_cave, uniq_pikel,
          uniq_duvessa
D:6:      kennysheep_steamy, layout_rooms, mainiacjoe_overflow_swirl,
          serial_bayou_lagoon_a
D:7:      layout_loops_ring
D:8:      layout_loops_ring, slow_altar_2, serial_undead, serial_undead_f,
          serial_undead_f, serial_undead_e, serial_undead_b, serial_shops,
          nicolae_shop_stone, uniq_grum, uniq_erica
D:9:      layout_long_grid, minmay_fractal_squares_gapless_5
D:10:     layout_roguey, nicolae_trove_entry_free_sample, uniq_maggie
D:11:     layout_irregular_city, david_lair_shrubbed, trog_hazing_becter
D:12:     layout_roguey [special_room_orc], erik_orc_4
Lair:1:   layout_hall_layers, serial_rivers, chequers_serial_rivers_large_b,
          chequers_serial_rivers_room_b, chequers_serial_rivers_micro_c,
          chequers_serial_rivers_room_b, infiniplex_staircase_pool_2,
          grunt_megastairs_4
Lair:2:   layout_hall_layers, shoals_dummy_entry, dummy_snake_entry,
          grunt_forest_stairs_clearing
Lair:3:   layout_chaotic_city, hibernation_bobbens
Lair:4:   dreamdust_cave_troll, layout_cave_shapes, basic_altar, uniq_josephine
Lair:5:   layout_regular_city, slime_altar_1, gammafunk_lair_bear_cave,
          serial_bayou_shore_a
Lair:6:   hellmonk_lair_end_abyssal_woods, layout_long_grid, st_stairs_9,
          uniq_snorg, uniq_rupert

Skill      XL: |  1  2  3  4  5  6  7  8  9 10 11 12 13 14 |
---------------+-------------------------------------------+-----
Air Magic      | 5 6 7 8 10 11 13 15 16 20 22 | 22.5
Dodging        | 3 6 7 8 9 10 | 10.1
Evocations     | 4 |  4.0
Fighting       | 2 4 5 |  5.0
Invocations    | 2 3 5 |  5.0
Spellcasting   | 3 5 6 |  6.4
Stealth        | 4 5 |  5.0
Conjurations   | 4 5 |  5.0
Summonings     | 3 5 |  5.0
Poison Magic   | 4 |  4.0

Action                   |  1- 3 |  4- 6 |  7- 9 | 10-12 | 13-15 || total
-------------------------+-------+-------+-------+-------+-------++-------
Melee: Staff             |       |     3 |     6 |       |       ||     9
       Dagger            |       |       |    22 |     9 |       ||    31
       Peck              |       |       |     8 |     5 |       ||    13
       Kick              |       |       |     7 |     8 |     4 ||    19
       Falchion          |       |       |       |    22 |     8 ||    30
       Punch             |       |       |       |     1 |       ||     1
 Fire: Fustibalus        |       |       |       |       |    41 ||    41
 Cast: Shock             |    65 |   182 |   202 |   331 |    84 ||   864
       Airstrike         |       |     3 |    60 |    86 |    71 ||   220
       Static Discharge  |       |     9 |    11 |    74 |    62 ||   156
       Summon Lightning  |       |       |       |    54 |    48 ||   102
       Mephitic Cloud    |       |       |       |       |    13 ||    13
       Lightning Bolt    |       |       |       |       |     4 ||     4
Evoke: Wand              |       |       |     6 |    13 |     5 ||    24
  Use: Scroll            |       |     9 |     3 |    10 |    12 ||    34
       Potion            |       |     1 |       |       |     1 ||     2
 Stab: Sleeping          |       |       |       |     1 |       ||     1
       Distracted        |       |       |       |       |     1 ||     1
Armor: Robe              |     1 |    12 |    13 |    29 |    15 ||    70
Dodge: Dodged            |     4 |    59 |    76 |   275 |   143 ||   557
Block: Other             |       |       |       |       |    27 ||    27
       Reflection        |       |       |       |       |     1 ||     1

Table legend: (Time is in decaauts)
 A = Elapsed time spent in this place.
 B = Non-inter-level travel time spent in this place.
 C = Inter-level travel time spent in this place.
 D = Time resting spent in this place.
 E = Time spent auto-exploring this place.
 F = Levels seen in this place.
 G = Mean time per level.
                   A        B        C        D        E       F      G
               +--------+--------+--------+--------+--------+-----+--------+
         Total |  31016 |  30159 |    857 |   4519 |  21501 |  20 | 1550.8 |
       Dungeon |  18640 |  18070 |    570 |   2126 |  13636 |  12 | 1553.3 |
          Lair |  10519 |  10232 |    287 |   1876 |   6864 |   6 | 1753.2 |
         Sewer |   1039 |   1039 |      0 |    195 |    653 |   1 | 1039.0 |
       Ossuary |    817 |    817 |      0 |    321 |    346 |   1 |  817.0 |
               +--------+--------+--------+--------+--------+-----+--------+

Top non-repeatable levels by time:
     D:8: 2589 daAuts
  Lair:5: 2585 daAuts
  Lair:3: 2363 daAuts
    D:11: 2360 daAuts
  Lair:4: 1938 daAuts
     D:2: 1829 daAuts
    D:10: 1806 daAuts
     D:9: 1691 daAuts
     D:7: 1619 daAuts
  Lair:1: 1572 daAuts
     D:3: 1465 daAuts
     D:5: 1389 daAuts
     D:4: 1321 daAuts
     D:1: 1251 daAuts
  Lair:2: 1186 daAuts
